 Dungeon Crawl Stone Soup version 0.29.1-1-gd02db6906a (webtiles) character file.

Game seed: 3834647255834599292

17495 EvilAshe the Geomancer (level 12, -1/76 HPs)
             Began as a Gargoyle Earth Elementalist on Sept 15, 2022.
             Was a High Priest of Sif Muna.
             Slain by a cyclops (23 damage)
             ... on level 12 of the Dungeon.
             The game lasted 00:47:26 (13327 turns).

EvilAshe the Geomancer (GrEE)                      Turns: 13327, Time: 00:47:27

Health: -1/76      AC: 19    Str: 13    XL:     12   Next: 48%
Magic:  19/23      EV: 15    Int: 26    God:    Sif Muna [*****.]
Gold:   803        SH:  0    Dex: 17    Spells: 11/26 levels left

rFire   . . .      SeeInvis .   P - +10 whip "Lopanima" {vamp, Drain Dex+7}
rCold   . . .      Faith    .   q - orb {light}
rNeg    + . .      Spirit   .   U - +0 acid dragon scales
rPois   ∞          Reflect  .   G - +0 helmet
rElec   +          Harm     .   V - +1 cloak
rCorr   +          Rampage  .   W - +0 pair of gloves
Will    +....                   A - +0 pair of boots
Stlth   +.........              m - amulet of the acrobat
HPRegen 0.22/turn               R - ring of willpower
MPRegen 0.18/turn               a - +6 ring of intelligence

@: glowing
A: sickness immunity, AC +8, negative energy resistance 1, electricity
resistance, torment resistance 1, petrification resistance
a: Renounce Religion, Channel Magic, Forget Spell, Divine Exegesis


You were on level 12 of the Dungeon.
You worshipped Sif Muna.
Sif Muna was extremely pleased with you.
You visited 1 branch of the dungeon, and saw 13 of its levels.
You also visited: Sewer and Bailey.

You collected 803 gold pieces.

Inventory:

Hand Weapons
 P - the +10 whip "Lopanima" (weapon) {vamp, Drain Dex+7}
   (You took it off an orc priest on level 7 of the Dungeon)

   It occasionally heals its wielder for a portion of the damage dealt when it
   wounds a living foe.
   Dex:       It affects your dexterity (+7).
   Drain:     It drains your maximum health when unequipped.
Missiles
 h - 98 stones (quivered)
 k - 4 javelins
 l - 29 poisoned darts
Armour
 p - a +0 troll leather armour {Pargi}
 q - an orb of light (worn)
 A - a +0 pair of boots (worn)
 G - a +0 helmet (worn)
 U - +0 acid dragon scales (worn)
 V - a +1 cloak (worn)
 W - a +0 pair of gloves (worn)
Jewellery
 a - a +6 ring of intelligence (right hand)
 m - an amulet of the acrobat (around neck)
 v - a ring of resist corrosion
 C - a ring of willpower
 R - a ring of willpower (left hand)
 S - the ring "Losek" {rPois rCorr}
   (You found it on level 11 of the Dungeon)

   [ring of poison resistance]

   rPois:     It protects you from poison.
   rCorr:     It protects you from acid and corrosion.
Wands
 j - a wand of polymorph (2)
 y - a wand of roots (11)
 D - a wand of flame (34)
 X - a wand of charming (2)
Scrolls
 d - 3 scrolls of amnesia
 f - 2 scrolls of enchant weapon
 o - 6 scrolls of blinking
 r - a scroll of vulnerability
 w - 8 scrolls of fear
 x - 3 scrolls of teleportation
 B - 3 scrolls of enchant armour {unknown}
 F - 2 scrolls of brand weapon
 H - a scroll of immolation
 I - a scroll of fog
 J - a scroll of poison
 O - a scroll of acquirement
 Q - 2 scrolls of noise {unknown}
 T - 2 scrolls of identify
Potions
 b - 3 potions of magic
 c - 3 potions of resistance
 e - 4 potions of might
 g - 3 potions of haste
 i - 2 potions of berserk rage
 n - 7 potions of heal wounds
 s - a potion of flight
 t - 7 potions of attraction
 z - 3 potions of lignification
 E - 3 potions of brilliance
 K - a potion of invisibility
 L - 4 potions of ambrosia
 M - 3 potions of curing {unknown}
 N - a potion of mutation {unknown}
Miscellaneous
 u - a box of beasts (inert)


   Skills:
 + Level 9.0 Fighting
 + Level 7.1 Dodging
 - Level 2.1 Stealth
 + Level 7.8 Spellcasting
 - Level 4.8 Conjurations
 + Level 5.8 Translocations
 - Level 0.7 Transmutations
 - Level 13.9 Earth Magic
 + Level 4.1 Invocations


You had 11 spell levels left.
You knew the following spells:

 Your Spells              Type           Power      Damage    Failure   Level
a - Sandblast             Erth           100%       2d20      1%          1
b - Stone Arrow           Conj/Erth      100%       3d13      1%          3
c - Teleport Other        Tloc           40%        N/A       2%          3
m - Dispersal             Tloc           20%        N/A       75%         6
w - Passwall              Tmut/Erth      40%        N/A       1%          2

Your spell library contained the following spells:

 Spells                   Type           Power      Damage    Failure   Level
 Apportation              Tloc           80%        N/A       1%          1
 Magic Dart               Conj           100%       1d8       1%          1
 Searing Ray              Conj           70%        2d7       1%          2
 Gell's Gravitas          Tloc           40%        N/A       2%          3
 Petrify                  Tmut/Erth      48%        N/A       4%          4
 Beastly Appendage        Tmut           26%        N/A       6%          1
 Wereblood                Tmut           13%        N/A       10%         2
 Fulminant Prism          Conj/Hex       11%        3d9       30%         4
 Irradiate                Conj/Tmut      12%        3d15      58%         5
 Blade Hands              Tmut           6%         N/A       86%         5
 Alistair's Intoxication  Tmut/Pois      8%         N/A       90%         5
 Yara's Violent Unravell  Hex/Tmut       6%         3d5       90%         5
 Dragon Form              Tmut           6%         N/A       100%        7
 Necromutation            Tmut/Necr      6%         N/A       100%        8
 Sublimation of Blood     Necr           Unusable   N/A       N/A         2

Dungeon Overview and Level Annotations

Branches:
Dungeon (13/15)            Temple (0/1) D:5            Lair (0/5) D:9
    Orc (0/2) D:10          Sewer (visited)          Bailey (visited)
 Vaults: D:13-14

Altars:
Cheibriados
Dithmenos
Gozag
Makhleb
Nemelex Xobeh
Qazlal
Sif Muna
Trog
Xom
Yredelemnul

Shops:
D:2 *   D:3 :   D:11 :


Innate Abilities, Weirdness & Mutations

You are immune to sickness and miasma.
Your stone body is resilient. (AC +8)
You are immune to poison.
You resist negative energy. (rN+)
You are resistant to electric shocks. (rElec)
You are resistant to unholy torment.
You are immune to petrification.


Message History

The blast of sand hits the troll!!
You kill the troll!
Sif Muna accepts your kill.
You see here a troll corpse.
Things that are here:
a +1 dagger of distortion; 4 curare-tipped darts A cyclops comes into view.
A cyclops is nearby!
The cyclops shouts!
Things that are here:
a +1 dagger of distortion; 4 curare-tipped darts You start resting.
A cyclops is nearby!
The cyclops hits you!!
Casting: Sandblast (safe; 1% risk of failure)
Confirm with . or Enter, or press ? or * to list all spells.
Aiming: Sandblast (safe; 1% risk of failure)
Press: ? - help, Shift-Dir - straight line, f - cyclops
Aim: a cyclops, quivering large rocks (haloed, 99% to hit)
The blast of sand hits the cyclops!
The cyclops is moderately wounded.
The cyclops hits you!
* * * LOW HITPOINT WARNING * * *
Casting: Sandblast (safe; 1% risk of failure)
Confirm with . or Enter, or press ? or * to list all spells.
Aiming: Sandblast (safe; 1% risk of failure)
Press: ? - help, Shift-Dir - straight line, f/p - cyclops
Aim: a cyclops, quivering large rocks (moderately wounded, haloed, 99% to hit)
The blast of sand hits the cyclops!!
The cyclops is severely wounded.
The cyclops misses you.
Casting: Sandblast (safe; 1% risk of failure)
Confirm with . or Enter, or press ? or * to list all spells.
Aiming: Sandblast (safe; 1% risk of failure)
Press: ? - help, Shift-Dir - straight line, f/p - cyclops
Aim: a cyclops, quivering large rocks (severely wounded, haloed, 99% to hit)
The blast of sand hits the cyclops!
The cyclops is almost dead.
The cyclops hits you!!
You die...

###...# #..............
......#############..............
<................................
.................................
.................................
.................................
..........................^......
................>.†..............
................@................
#[.##############C###############
#.[##############)#
#.................# ############
.................................
..........C......................
.................................
.................................
.................................


You could see a cyclops.

Vanquished Creatures
  Erolcha (D:11)
  A boulder beetle (D:11)
  2 two-headed ogres
  A skeletal warrior (D:12)
  A manticore (D:11)
  A cyclops (D:12)
  Maurice (D:11)
  3 gargoyles
  An unseen horror (D:11)
  4 kobold demonologists
  2 trolls
  A hornet (D:12)
  6 wyverns
  18 yaks
  A wraith (D:9)
  A basilisk (D:9)
  5 vampire mosquitoes
  Menkaure (D:5)
  5 water moccasins
  An acid dragon (D:10)
  2 ice beasts
  3 sky beasts (D:6)
  A black bear (D:9)
  14 orc warriors
  Pargi (Sewer)
  2 wolves (D:9)
  7 centaurs
  4 kobold brigands
  A bullfrog (D:8)
  5 scorpions
  3 wights (D:9)
  11 killer bees
  6 howler monkeys
  5 hounds
  A jelly (D:7)
  10 orc priests
  Ijyb (D:5)
  2 iguanas
  Natasha (thrice) (D:3)
  16 orc wizards
  A mummy (D:6)
  5 gnolls
  10 adders
  A shadow imp (D:6)
  3 white imps
  3 worms
  4 dart slugs
  50 orcs
  8 ball pythons
  5 bats
  9 endoplasms
  3 giant cockroaches
  18 goblins
  9 hobgoblins
  4 jackals
  4 quokkas
  2 frilled lizards
  20 kobolds
  8 rats
322 creatures vanquished.

Vanquished Creatures (others)
  17 fungi (D:5)
  8 plants
25 creatures vanquished.

Grand Total: 347 creatures vanquished

Notes
Turn   | Place    | Note
-------+----------+-------------------------------------------
     0 | D:1      | EvilAshe the Gargoyle Earth Elementalist began the quest
                  | for the Orb.
     0 | D:1      | Reached XP level 1. HP: 10/10 MP: 3/3
    54 | D:1      | Found a faded altar of an unknown god.
   249 | D:1      | Reached skill level 4 in Earth Magic
   276 | D:1      | Reached XP level 2. HP: 15/15 MP: 3/5
   649 | D:1      | Reached XP level 3. HP: 19/19 MP: 0/6
   652 | D:1      | Reached skill level 5 in Earth Magic
  1058 | D:2      | Found Cerakk Xuts's Assorted Antiques.
  1736 | D:2      | Reached XP level 4. HP: 24/24 MP: 4/7
  1897 | D:2      | Learned a level 2 spell: Passwall
  1969 | D:4      | Reached skill level 6 in Earth Magic
  1969 | D:4      | Found a glowing drain.
  1978 | Sewer    | Entered a sewer
  2069 | Sewer    | Noticed Pargi
  2080 | Sewer    | Killed Pargi
  2081 | Sewer    | Reached skill level 7 in Earth Magic
  2081 | Sewer    | Reached XP level 5. HP: 22/28 MP: 3/8
  2328 | D:3      | Found Poufuth's Book Emporium.
  2330 | D:3      | Noticed Natasha
  2335 | D:3      | Killed Natasha
  2383 | D:4      | Reached skill level 8 in Earth Magic
  2383 | D:4      | Reached XP level 6. HP: 32/32 MP: 4/9
  2440 | D:3      | Found a sparkling altar of Nemelex Xobeh.
  2472 | D:3      | Noticed Natasha
  2497 | D:3      | Killed Natasha
  2534 | D:3      | Noticed Natasha
  2620 | D:3      | Reached skill level 9 in Earth Magic
  2807 | D:3      | Killed Natasha
  2880 | D:3      | Reached XP level 7. HP: 36/36 MP: 7/10
  3091 | D:3      | Learned a level 3 spell: Stone Arrow
  3131 | D:4      | Found a shimmering altar of Xom.
  3419 | D:5      | Entered Level 5 of the Dungeon
  3993 | D:4      | Found a shimmering blue altar of Sif Muna.
  3999 | D:4      | Became a worshipper of Sif Muna the Loreminder
  4294 | D:5      | Noticed Menkaure
  4305 | D:5      | Killed Menkaure
  4306 | D:5      | Reached skill level 10 in Earth Magic
  4538 | D:5      | Reached skill level 11 in Earth Magic
  4538 | D:5      | Reached XP level 8. HP: 41/41 MP: 9/11
  4573 | D:5      | Found a shadowy altar of Dithmenos.
  4578 | D:5      | Found a stormy altar of Qazlal.
  4618 | D:5      | Found a staircase to the Ecumenical Temple.
  4659 | D:5      | Noticed Ijyb
  4667 | D:5      | Killed Ijyb
  4681 | D:5      | Reached skill level 1 in Fighting
  4683 | D:5      | Reached * piety under Sif Muna
  4773 | D:5      | Found a basalt altar of Yredelemnul.
  5522 | D:6      | Reached skill level 1 in Conjurations
  5684 | D:6      | Found a snail-covered altar of Cheibriados.
  5773 | D:6      | Found an opulent altar of Gozag.
  6108 | D:8      | Noticed a two-headed ogre
  6113 | D:8      | Killed a two-headed ogre
  6114 | D:8      | Reached skill level 12 in Earth Magic
  6114 | D:8      | Reached XP level 9. HP: 30/52 MP: 9/14
  6153 | D:8      | Found a flagged portal.
  6163 | Bailey   | Entered a bailey
  6169 | Bailey   | Noticed an orc warlord
  6252 | Bailey   | Reached ** piety under Sif Muna
  6384 | Bailey   | Found a runed translucent gate.
  6385 | Bailey   | Found a runed translucent gate.
  6386 | Bailey   | Found a runed translucent gate.
  6808 | D:7      | Identified the +1 robe "Delufuf" {rF- rC+ Int+2 Dex+5}
  7000 | D:7      | Identified the +10 whip "Lopanima" {vamp, Drain Dex+7}
  7004 | D:7      | Reached skill level 5 in Fighting
  7038 | D:8      | Reached XP level 10. HP: 43/59 MP: 9/17
  7641 | D:8      | Found a bloodstained altar of Trog.
  7879 | D:8      | Reached skill level 5 in Spellcasting
  8169 | D:8      | Learned a level 3 spell: Teleport Other
  8184 | D:10     | Entered Level 10 of the Dungeon
  8351 | D:9      | Found a staircase to the Lair.
  8385 | D:9      | Reached skill level 1 in Translocations
  8560 | D:9      | Reached *** piety under Sif Muna
  8561 | D:9      | Reached skill level 5 in Dodging
  8561 | D:9      | Reached skill level 13 in Earth Magic
  8696 | D:9      | Found a burning altar of Makhleb.
  9516 | D:10     | Reached XP level 11. HP: 66/66 MP: 15/19
  9981 | D:10     | Noticed a two-headed ogre
 10166 | D:10     | Reached **** piety under Sif Muna
 10287 | D:10     | Found a staircase to the Orcish Mines.
 10752 | D:10     | Noticed a two-headed ogre
 10762 | D:10     | Killed a two-headed ogre
 10860 | D:11     | Identified the ring "Losek" {rPois rCorr}
 11380 | D:11     | Reached skill level 1 in Invocations
 11997 | D:11     | Noticed Erolcha
 12055 | D:11     | Killed Erolcha
 12056 | D:11     | Reached XP level 12. HP: 74/74 MP: 17/22
 12110 | D:11     | Reached skill level 5 in Translocations
 12136 | D:11     | Noticed Maurice
 12139 | D:11     | Killed Maurice
 12193 | D:11     | Reached ***** piety under Sif Muna
 12285 | D:11     | Noticed a boulder beetle
 12451 | D:11     | Killed a boulder beetle
 12584 | D:11     | Received a gift from Sif Muna
 12587 | D:11     | Got Sif Muna's Handbook of Transformation {god gift}
 12608 | D:11     | Learned a level 6 spell: Dispersal
 12778 | D:11     | Found Naaj's Vocational Training.
 12882 | D:13     | Noticed an eight-headed hydra
 13297 | D:12     | Noticed Sonja
 13301 | D:12     | Noticed Sonja
 13301 | D:12     | Sonja changed into Sonja the hornet
 13303 | D:12     | Killed Sonja the hornet
 13327 | D:12     | Slain by a cyclops

Illustrated notes

Levels and vault maps discovered:
D:1:      eino_arrival_cavern_e, layout_rooms,
          hellmonk_ecumenical_altar_run_dry, minmay_misc_feat_roman
D:2:      layout_loops_ring, serial_shops, shop
D:3:      layout_basic, mainiacjoe_overflow_catwalk, serial_shops, shop,
          minmay_joined_circles, uniq_natasha
D:4:      layout_loops_corners, led_sif_pool, mainiacjoe_overflow_alcove_4,
          portal_sewer_entry_d, roderic_cross_of_infinity, minmay_circle_x
D:5:      layout_loops_ring, mainiacjoe_overflow_chevrons,
          gammafunk_temple_overflow_statue, minmay_temple_entry_waves,
          uniq_ijyb, uniq_menkaure
D:6:      layout_rooms, slow_altar_1, grunt_gozag_breadcrumbs,
          kennysheep_generic_room_8
D:7:      layout_loops_cross, supply_closet_lemuel
D:8:      layout_basic, mainiacjoe_overflow_brackets, enter_bailey_3
D:9:      layout_basic, bloody_makhleb, minmay_lair_entry_grove
D:10:     minmay_four_partial_circles, layout_rooms, orc_david_3, special_room
          [special_room_orc]
D:11:     layout_rooms, nicolae_shop_vocational, uniq_maurice, uniq_erolcha
D:12:     layout_long_grid, uniq_sonja
D:13:     layout_stronghold, ximxim_vaults_locker_room, uniq_lodul

Skill      XL: |  1  2  3  4  5  6  7  8  9 10 11 12 |
---------------+-------------------------------------+-----
Earth Magic    | 4 5 7 8 9 11 12 13 | 13.9
Fighting       | 3 5 6 8 9 |  9.0
Dodging        | 3 4 5 6 7 |  7.1
Spellcasting   | 3 4 5 7 |  7.8
Conjurations   | 3 4 |  4.8
Translocations | 2 4 5 |  5.8
Invocations    | 2 4 |  4.1
Stealth        | |  2.1
Transmutations | |  0.7

Action                   |  1- 3 |  4- 6 |  7- 9 | 10-12 || total
-------------------------+-------+-------+-------+-------++-------
Melee: Unarmed           |    17 |       |       |       ||    17
       Flail             |     2 |    29 |    14 |       ||    45
       Falchion          |       |       |     3 |       ||     3
       Whip              |       |       |       |     4 ||     4
Throw: Stone             |     9 |       |     2 |     1 ||    12
       Dart              |     2 |       |       |       ||     2
       Javelin           |       |     2 |     4 |       ||     6
 Cast: Sandblast         |    47 |    58 |   171 |   284 ||   560
       Stone Arrow       |       |       |     2 |    39 ||    41
Evoke: Box of beasts     |       |       |       |     1 ||     1
       Wand              |       |       |       |     4 ||     4
  Use: Scroll            |       |     3 |    15 |     7 ||    25
 Stab: Distracted        |       |     1 |       |       ||     1
Armor: Leather armour    |    13 |     6 |       |       ||    19
       Troll leather arm |       |    18 |    38 |    73 ||   129
       Acid dragon scale |       |       |       |    48 ||    48
Dodge: Dodged            |    23 |    47 |    55 |   306 ||   431
